 Dungeon Crawl Stone Soup version 0.31-a0-627-gd65175cf8b (webtiles) character file.

Game seed: 3110186937849781577

1106 IndexError the Grappler (level 8, -3/67 HPs)
             Began as a Troll Hedge Wizard on Aug 24, 2023.
             Was an Initiate of Gozag.
             Slain by an orc
             ... wielding a +0 flail of protection
              (7 damage)
             ... on level 6 of the Dungeon on Aug 25, 2023.
             The game lasted 00:07:27 (4842 turns).

IndexError the Grappler (Troll Hedge Wizard)        Turns: 4842, Time: 00:07:28

Health: -3/67      AC:  4    Str: 19    XL:     8   Next: 11%
Magic:  10/10      EV:  9    Int: 12    God:    Gozag
Gold:   173        SH:  0    Dex:  9    Spells: 6/11 levels left

rFire   + .          .
                       - Unarmed
rCold   + . .        (no shield)
rNeg    . . .        b - +0 robe
rPois   .            c - melded +0 hat
rElec   .            (cloak currently unavailable)
rCorr   .            (gloves unavailable)
SInv    .            (boots unavailable)
Will    .....        F - amulet of regeneration {+regen, !d}
Stlth   +            g - ring of protection from fire {rF+, !d}
HPRegen 1.91/turn    B - ring of protection from cold {rC+, !d}
MPRegen 0.12/turn

%: no passive effects
@: lethally poisoned (-3 -> -3), beast-form, gold aura
A: beast (slay +0), large, unfitting armour, claws 3, regeneration 1, shaggy fur
1, tough skin 1
a: Begin Untransformation, Renounce Religion, Potion Petition, Call Merchant,
Bribe Branch


You were on level 6 of the Dungeon.
You worshipped Gozag.
Gozag was aware of your devotion.
You were a hulking beast.
You visited 2 branches of the dungeon, and saw 7 of its levels.

You collected 244 gold pieces.
You paid 71 gold pieces to Gozag.

Inventory:

Hand Weapons
 j - a +0 spear
   (You found it on level 1 of the Dungeon)
 l - a +0 hand axe
   (You found it on level 1 of the Dungeon)
 m - a +0 club
   (You took it off a goblin on level 2 of the Dungeon)
 p - a +0 whip
   (You found it on level 2 of the Dungeon)
Missiles
 i - 3 javelins
Armour
 b - a +0 robe (worn)
 c - a +0 hat (melded)
Jewellery
 g - a ring of protection from fire (left claw) {rF+, !d}
   (You found it on level 1 of the Dungeon)
 B - a ring of protection from cold (right claw) {rC+, !d}
   (You found it on level 4 of the Dungeon)
 D - an amulet of faith {Faith, !P}
   (You found it on level 5 of the Dungeon)
 F - an amulet of regeneration (around neck) {+regen, !d}
   (You found it on level 5 of the Dungeon)
Talismans
 y - a beast talisman (active)
   (You found it on level 3 of the Dungeon)
Wands
 u - a wand of flame (20)
   (You took it off Terence on level 2 of the Dungeon)
 C - a wand of light (7)
   (You found it on level 4 of the Dungeon)
Scrolls
 a - 5 scrolls of identify {unknown}
 f - 5 scrolls of blinking {unknown}
 h - a scroll of revelation {unknown}
 k - a scroll of immolation {unknown}
 n - 6 scrolls of teleportation {unknown}
 r - 2 scrolls of vulnerability {unknown}
 t - a scroll of fear {unknown}
 w - 2 scrolls of torment {unknown}
 E - a scroll of brand weapon {unknown}
Potions
 d - a potion of magic
 e - 2 potions of brilliance {unknown}
 o - a potion of lignification {unknown}
 q - a potion of resistance {unknown}
 s - 3 potions of curing {unknown}
 v - 2 potions of heal wounds {unknown}
 x - 2 potions of haste {unknown}
 z - 3 potions of attraction {unknown}
 A - a potion of ambrosia {unknown}
 G - a potion of degeneration {unknown}


   Skills:
 - Level 1.5 Dodging
 - Level 1.0 Stealth
 + Level 9.5 Unarmed Combat
 - Level 2.0 Spellcasting
 - Level 0.6 Conjurations
 - Level 0.6 Summonings
 - Level 0.6 Translocations


You had 6 spell levels left.
You knew the following spells:

 Your Spells              Type           Power      Damage    Failure   Level
a - Magic Dart            Conj           8%         1d3       22%         1
b - Blink                 Tloc           4%         N/A       32%         2
c - Call Imp              Summ           4%         N/A       32%         2

Your spell library contained the following spells:

 Spells                   Type           Power      Damage    Failure   Level
 Slow                     Hex            4%         N/A       26%         1
 Lesser Beckoning         Tloc           4%         N/A       32%         2
 Momentum Strike          Conj/Tloc      4%         3d8       32%         2
 Cigotuvi's Dreadful Rot  Necr/Pois/Air  2%         N/A       38%         2
 Ensorcelled Hibernation  Hex/Ice        2%         N/A       38%         2
 Scorch                   Fire           2%         2d5       38%         2
 Call Canine Familiar     Summ           2%         N/A       54%         3
 Mephitic Cloud           Conj/Pois/Air  1%         N/A       58%         3
 Portal Projectile        Hex/Tloc       2%         N/A       58%         3
 Flame Wave               Conj/Fire      1%         2d4       94%         4
 Anguish                  Hex/Necr       0%         N/A       95%         4
 Leda's Liquefaction      Hex/Erth       0%         N/A       95%         4
 Summon Cactus Giant      Summ           1%         N/A       100%        6


Dungeon Overview and Level Annotations

Branches:
Dungeon (6/15)             Temple (1/1) D:5

Altars:
Ashenzari
Cheibriados
Dithmenos
Elyvilon
Gozag
Hepliaklqana
Kikubaaqudgha
Makhleb
Nemelex Xobeh
Okawaru
Qazlal
Ru
Sif Muna
Trog
Uskayaw
Vehumet
Wu Jian
Xom
Yredelemnul
Zin
The Shining One


Innate Abilities, Weirdness & Mutations

You are a hulking beast.
Your limbs bulge with bestial killing power. (Slay +0)
You are too large for most types of armour.
You have claws for hands.
Your natural rate of healing is unusually fast.
You are covered in fur. (AC +1)
You have tough skin. (AC +1)


Message History

You climb downwards.
You hear the sound of rushing water.
There is an entrance to a sewer on this level.
Hurry and find it before the portal rusts away!
There is a stone staircase leading up here.
A water moccasin comes into view.
The water moccasin bites you.
You are poisoned.
The water moccasin poisons you!
You take 1 damage, and have 66/67 hp.
You barely miss the water moccasin.
You feel very sick. The water moccasin bites you.
You take 3 damage, and have 63/67 hp.
You scratch the water moccasin.
You feel very sick.
The water moccasin bites you but does no damage.
You take 1 damage, and have 62/67 hp.
You closely miss the water moccasin.
You feel sick. The water moccasin bites you.
An orc comes into view. It is wielding a +0 short sword.
You take 4 damage, and have 58/67 hp.
The orc shouts!
You scratch the water moccasin.
You feel sick.
You hear a shout! x2
The water moccasin bites you. x2
You are more poisoned.
The water moccasin poisons you!
You hear a shout!
You take 11 damage, and have 47/67 hp.
You miss the water moccasin.
You feel very sick. The water moccasin bites you.
You take 3 damage, and have 44/67 hp.
You barely miss the water moccasin.
You feel sick.
The water moccasin completely misses you.
You barely miss the water moccasin.
You feel sick.
The water moccasin bites you but does no damage.
You take 1 damage, and have 43/67 hp.
You scratch the water moccasin.
You feel sick. The water moccasin bites you.
An orc priest comes into view. It is wielding a +0 short sword.
The orc completely misses you.
You take 5 damage, and have 38/67 hp.
You miss the water moccasin.
You feel sick. The water moccasin closely misses you.
The orc completely misses you.
You closely miss the water moccasin.
You feel sick. The water moccasin bites you.
You take 3 damage, and have 36/67 hp.
You barely miss the water moccasin.
You feel sick. The water moccasin bites you.
The water moccasin completely misses you.
The orc hits you with a +0 short sword.
You take 6 damage, and have 30/67 hp.
You miss the water moccasin. You claw the water moccasin.
The water moccasin bites you.
You take 2 damage, and have 28/67 hp.
You closely miss the water moccasin.
You feel sick.
An orc comes into view.
It is wielding a +0 flail of protection.
The orc priest barely misses you. The orc hits you with a +0 short sword.
The water moccasin completely misses you.
You claw the water moccasin!
You feel sick. The orc priest barely misses you.
An orc comes into view. It is wielding a +0 mace.
The water moccasin bites you but does no damage.
The orc hits you with a +0 short sword.
You take 3 damage, and have 25/67 hp.
You closely miss the water moccasin.
You feel sick. The water moccasin bites you!
* * * LOW HITPOINT WARNING * * *
You are more poisoned.
The water moccasin poisons you! The orc priest barely misses you.
The orc hits you but does no damage.
You take 7 damage, and have 18/67 hp.
You mangle the water moccasin!!
You feel sick.
The orc priest hits you but does no damage.
An orc priest comes into view. It is wielding a +0 trident of venom.
The orc hits you with a +0 short sword.
* * * LOW HITPOINT WARNING * * *
You take 2 damage, and have 16/67 hp.
You closely miss the orc.
You feel sick. The orc hits you but does no damage.
The orc priest hits you with a +0 short sword.
* * * LOW HITPOINT WARNING * * *
The orc hits you but does no damage.
You take 2 damage, and have 14/67 hp.
You closely miss the orc.
You feel sick.
You scratch the orc priest.
You feel sick. The orc barely misses you. The orc priest barely misses you.
The orc priest calls upon Beogh to heal the orc priest.
The orc priest's wounds heal themselves!
The orc closely misses you.
You claw the orc priest!
You feel sick.
The orc hits you with a +0 flail of protection.
* * * LOW HITPOINT WARNING * * *
The orc priest mumbles some strange prayers to Beogh against you.
Beogh smites you!
* * * LOW HITPOINT WARNING * * *
The orc hits you but does no damage.
You take 12 damage, and have 3/67 hp.
You claw the orc priest!
You feel sick.
The orc hits you with a +0 flail of protection!
You die...
Your body crumbles into a pile of gold.

#<.......
####...#####
##.........#
#..........#
#..........#
#.###.......#
#########.###..###...
.....o$o.......# ...
#...ooh..###..# ..
##.####### ##...


You could see an orc priest and 3 orcs.

Vanquished Creatures
  Sigmund (D:4)
  Duvessa (D:4)
  A water moccasin (D:6)
  An ogre (D:4)
  4 scorpions
  Dowan (D:4)
  An orc priest (D:6)
  2 hounds
  Terence (D:2)
  Jessica (D:2)
  A sleepcap (D:3)
  2 iguanas (D:5)
  3 gnolls (D:5)
  6 adders
  An ufetubus (D:5)
  4 worms
  5 orcs
  6 ball pythons
  4 bats
  7 endoplasms
  2 giant cockroaches (D:1)
  9 goblins
  12 hobgoblins
  4 quokkas
  5 frilled lizards
  6 kobolds
  4 rats
95 creatures vanquished.

Notes
Turn   | Place    | Note
-------+----------+-------------------------------------------
     0 | D:1      | IndexError the Troll Hedge Wizard began the quest for the
                  | Orb.
     0 | D:1      | Reached XP level 1. HP: 16/16 MP: 2/2
   143 | D:1      | Reached skill level 1 in Unarmed Combat
   199 | D:1      | Reached XP level 2. HP: 24/24 MP: 4/4
   330 | D:1      | Reached skill level 2 in Unarmed Combat
   697 | D:2      | Reached XP level 3. HP: 31/31 MP: 5/5
   802 | D:2      | Learned a level 2 spell: Blink
   805 | D:2      | Learned a level 2 spell: Call Imp
   822 | D:2      | Noticed Terence
   840 | D:2      | Killed Terence
   841 | D:2      | Reached skill level 3 in Unarmed Combat
   886 | D:2      | Reached XP level 4. HP: 39/39 MP: 6/6
  1054 | D:2      | Noticed Jessica
  1060 | D:2      | Killed Jessica
  1061 | D:2      | Reached skill level 4 in Unarmed Combat
  1429 | D:3      | Reached XP level 5. HP: 42/45 MP: 7/7
  1965 | D:3      | Reached skill level 5 in Unarmed Combat
  2460 | D:4      | Reached skill level 6 in Unarmed Combat
  2460 | D:4      | Reached XP level 6. HP: 38/53 MP: 8/8
  2660 | D:4      | Noticed Dowan
  2662 | D:4      | Noticed Duvessa
  2673 | D:4      | Killed Duvessa
  2679 | D:4      | Killed Dowan
  2894 | D:4      | Reached skill level 7 in Unarmed Combat
  3179 | D:4      | Reached XP level 7. HP: 47/59 MP: 9/9
  3305 | D:4      | Noticed Sigmund
  3316 | D:4      | Killed Sigmund
  3317 | D:4      | Reached skill level 8 in Unarmed Combat
  3679 | D:5      | Entered Level 5 of the Dungeon
  4404 | D:5      | Reached skill level 9 in Unarmed Combat
  4405 | D:5      | Reached XP level 8. HP: 65/67 MP: 10/10
  4411 | D:5      | Found a staircase to the Ecumenical Temple.
  4607 | Temple   | Entered the Ecumenical Temple
  4676 | Temple   | Upgraded the game from 0.31-a0-625-gc9c7e45f3f to
                  | 0.31-a0-627-gd65175cf8b
  4687 | Temple   | Became a worshipper of Gozag Ym Sagoz the Greedy
  4837 | D:6      | HP: 16/67 [orc/+0 short sword (2)]
  4841 | D:6      | HP: 3/67 [orc priest/divine providence (8)]
  4842 | D:6      | Slain by an orc

Illustrated notes

Levels and vault maps discovered:
D:1:      kilobyte_arrival_exit_the_forest, layout_rooms, minmay_tetromino_o2
D:2:      layout_rooms, uniq_jessica, uniq_terence
D:3:      minmay_razor_zed, layout_basic, minmay_unequal
D:4:      layout_loops_corners, serial_co_window_serial,
          co_window_of_opportunity_a, co_window_paths_a, co_window_paths_b,
          co_window_paths_a, co_window_corner_a, co_window_of_opportunity_a,
          co_window_cross_1, co_window_paths_c, co_window_corner_b,
          co_window_corner_cb, co_window_of_opportunity_b, co_window_broadway_b,
          co_window_4corner_a, glass_columns_a, minmay_misc_feat_ornament,
          uniq_duvessa, uniq_sigmund
D:5:      layout_basic, minmay_temple_entry_arrows
D:6:      layout_loops_ring, portal_sewer_entry_d
Temple:   mainiacjoe_temple_starburst

Skill      XL: |  1  2  3  4  5  6  7 |
---------------+----------------------+-----
Unarmed Combat | 1 2 3 4 6 7 9 |  9.5
Dodging        | |  1.5
Stealth        | |  1.0
Spellcasting   | |  2.0
Conjurations   | |  0.6
Summonings     | |  0.6
Translocations | |  0.6

Action                     |  1- 3 |  4- 6 |  7- 9 || total
---------------------------+-------+-------+-------++-------
  Melee: Unarmed           |    71 |   181 |    88 ||   340
         Punch             |     1 |     2 |     3 ||     6
   Cast: Magic Dart        |     1 |       |       ||     1
         Call Imp          |     1 |       |       ||     1
   Stab: Sleeping          |     3 |       |       ||     3
 Armour: Robe              |    20 |    47 |    18 ||    85
  Dodge: Dodged            |    30 |    81 |    32 ||   143
   Form: Beast             |       |     1 |       ||     1

Table legend: (Time is in decaauts)
 A = Elapsed time spent in this place.
 B = Non-inter-level travel time spent in this place.
 C = Inter-level travel time spent in this place.
 D = Time resting spent in this place.
 E = Time spent auto-exploring this place.
 F = Levels seen in this place.
 G = Mean time per level.
                   A        B        C        D        E       F      G
               +--------+--------+--------+--------+--------+-----+--------+
         Total |   4811 |   4235 |    576 |      0 |   3523 |   7 |  687.3 |
       Dungeon |   4677 |   4208 |    469 |      0 |   3523 |   6 |  779.5 |
        Temple |    133 |     26 |    107 |      0 |      0 |   1 |  133.0 |
               +--------+--------+--------+--------+--------+-----+--------+

Top non-repeatable levels by time:
     D:4: 1371 daAuts
     D:3: 1151 daAuts
     D:5: 932 daAuts
     D:1: 669 daAuts
     D:2: 521 daAuts
  Temple: 133 daAuts
     D:6: 31 daAuts

Levels and vault maps discovered:
D:1:      kilobyte_arrival_exit_the_forest, layout_rooms, minmay_tetromino_o2
D:2:      layout_rooms, uniq_jessica, uniq_terence
D:3:      minmay_razor_zed, layout_basic, minmay_unequal
D:4:      layout_loops_corners, serial_co_window_serial,
          co_window_of_opportunity_a, co_window_paths_a, co_window_paths_b,
          co_window_paths_a, co_window_corner_a, co_window_of_opportunity_a,
          co_window_cross_1, co_window_paths_c, co_window_corner_b,
          co_window_corner_cb, co_window_of_opportunity_b, co_window_broadway_b,
          co_window_4corner_a, glass_columns_a, minmay_misc_feat_ornament,
          uniq_duvessa, uniq_sigmund
D:5:      layout_basic, minmay_temple_entry_arrows
D:6:      layout_loops_ring, portal_sewer_entry_d
Temple:   mainiacjoe_temple_starburst

Table legend: (Time is in decaauts)
 A = Elapsed time spent in this place.
 B = Non-inter-level travel time spent in this place.
 C = Inter-level travel time spent in this place.
 D = Time resting spent in this place.
 E = Time spent auto-exploring this place.
 F = Levels seen in this place.
 G = Mean time per level.
                   A        B        C        D        E       F      G
               +--------+--------+--------+--------+--------+-----+--------+
         Total |   4811 |   4235 |    576 |      0 |   3523 |   7 |  687.3 |
       Dungeon |   4677 |   4208 |    469 |      0 |   3523 |   6 |  779.5 |
        Temple |    133 |     26 |    107 |      0 |      0 |   1 |  133.0 |
               +--------+--------+--------+--------+--------+-----+--------+

Top non-repeatable levels by time:
     D:4: 1371 daAuts
     D:3: 1151 daAuts
     D:5: 932 daAuts
     D:1: 669 daAuts
     D:2: 521 daAuts
  Temple: 133 daAuts
     D:6: 31 daAuts

Table legend:
 A = Kills in this place as a percentage of kills in the entire game.
 B = Kills by you in this place as a percentage of kills by you in the entire game.
 C = Kills by friends in this place as a percentage of kills by friends in the entire game.
 D = Other kills in this place as a percentage of other kills in the entire game.
 E = Experience gained in this place as a percentage of experience gained in the entire game.
 F = Experience gained in this place divided by the number of levels of this place that you have seen.
                   A       B       C       D       E      F
               +-------+-------+-------+-------+-------+----------------------
         Total | 100.0 | 100.0 |   N/A |   N/A | 100.0 | 232.0
       Dungeon | 100.0 | 100.0 |   N/A |   N/A | 100.0 | 270.7
               +-------+-------+-------+-------+-------+----------------------
